Map: Automaton LE

Players

puCK (Nina) - Winner!

  • Race: Protoss Protoss
  • League: Grandmaster
  • Spawn Location: 9:00

Has

  • Race: Protoss Protoss
  • Spawn Location: 3:00

Event: 2019 WCS Winter Americas

VOD

Have the link to the VOD?

Description

Time

  • Played on: Feb. 10, 2019, 2:09 p.m.
  • Length: 10:58

All games in this series

Show
View Real Time Build Order
Export as new Build Order

puCK Protoss - Winner!

Build Orders: Blink Stalkers 

Get SALT Encoding   

  12  0:00  Probe  
  13  0:13  Probe  
  14  0:18  Pylon  
  14  0:25  Probe  
  15  0:33  Probe  
  15  0:39  Gateway  
  15  0:41  Probe  
  16  0:47  Assimilator  
  17  0:51  Probe  
  18  1:00  Assimilator  
  18  1:03  Probe  
  19  1:13  Gateway  
  19  1:15  Probe  
  20  1:24  Probe  
  20  1:27  Cybernetics Core  
  20  1:32  Probe  
  21  1:38  Pylon  
  22  1:42  Probe  
  23  1:56  Probe  
  24  2:04  Stalker, Sentry  
  28  2:09  Warp Gate  
  28  2:12  Pylon  
  28  2:14  Probe  
  29  2:20  Shield Battery  
  29  2:26  Probe  
  30  2:33  Stalker  
  30  2:34  Stalker  
  34  2:41  Shield Battery  
  34  2:53  Twilight Council  
  34  3:06  Stalker  
  34  3:10  Shield Battery  
  34  3:12  Probe  
  37  3:18  Stalker  
  39  3:23  Blink  
  39  3:31  Pylon  
  38  3:42  Probe  
  38  3:46  Robotics Facility  
  39  3:52  Pylon  
  39  4:02  Nexus  
  39  4:25  Pylon  
  39  4:26  Probe  
  39  4:29  Stalker x2, Warp Prism  
  43  4:45  Probe  
  46  4:52  Pylon  
  46  4:57  Probe  
  47  5:01  Gateway  
  47  5:04  Gateway  
  47  5:11  Observer  
  47  5:15  Adept  
  47  5:16  Adept  
  47  5:20  Probe  
  53  5:25  Probe  
  54  5:32  Probe  
  54  5:34  Charge  
  55  5:42  Probe  
  56  5:47  Stalker  
  56  5:48  Stalker  
  60  5:52  Probe  
  60  5:55  Probe  
  62  5:57  Observer  
  58  6:11  Probe  
  57  6:15  Probe  
  58  6:23  Probe  
  59  6:25  Stalker  
  59  6:28  Stalker  
  59  6:31  Probe  
  64  6:42  Probe  
  64  6:44  Pylon  
  65  6:49  Probe  
  66  6:54  Probe  
  66  6:55  Observer  
  66  7:01  Probe  
  68  7:04  Stalker x3  
  75  7:08  Pylon  
  75  7:13  Probe  
  75  7:14  Probe  
  77  7:25  Probe  
  76  7:38  Stalker x4  
  76  7:40  Probe x2  
  76  7:41  Assimilator  
  76  7:42  Assimilator  
  82  8:04  Stalker x4  
  84  8:06  Observer  
  77  8:15  Probe  
  69  8:27  Stalker x2  
  69  8:28  Gateway  
  69  8:29  Stalker, Gateway  
  74  8:52  Pylon  
  74  8:53  Pylon  
  74  8:54  Nexus  
  74  8:58  Templar Archives  
  74  9:06  Zealot x2  
  78  9:12  Zealot x2  
  82  9:23  Zealot  
  84  9:24  Zealot  
  84  9:28  Zealot  
  88  9:36  Zealot x3  
  86  9:45  Zealot x2  
  77  9:55  Immortal  
  77  9:57  High Templar x4  
  85  10:01  Archon x2  
  89  10:08  Zealot  
  89  10:12  Zealot  
  86  10:23  Zealot x2  
  80  10:36  Zealot x3  
  84  10:53  Zealot  
  84  10:54  Zealot  
Show
View Real Time Build Order
Export as new Build Order

Has Protoss 

Build Orders: Oracle Opening, Dark Templar Rush 

Get SALT Encoding   

  12  0:00  Probe  
  13  0:12  Probe  
  14  0:18  Pylon  
  14  0:24  Probe  
  15  0:32  Probe  
  15  0:39  Gateway  
  15  0:40  Probe  
  16  0:48  Assimilator  
  17  0:50  Probe  
  17  0:56  Assimilator  
  18  0:58  Probe  
  19  1:08  Probe  
  19  1:11  Gateway  
  20  1:19  Probe  
  21  1:27  Cybernetics Core  
  21  1:31  Probe  
  22  1:37  Pylon  
  22  1:44  Probe  
  23  1:56  Probe  
  24  2:03  Adept  
  24  2:04  Warp Gate, Adept  
  28  2:13  Pylon  
  28  2:26  Twilight Council  
  29  2:36  Stargate  
  27  2:42  Adept  
  29  2:45  Probe  
  30  3:04  Dark Shrine  
  30  3:18  Oracle  
  30  3:21  Nexus  
  29  3:43  Pylon  
  30  3:50  Pylon  
  29  3:56  Robotics Facility  
  29  3:59  Probe  
  30  4:11  Probe  
  29  4:19  Adept  
  29  4:23  Probe  
  32  4:34  Immortal  
  32  4:35  Probe  
  30  4:49  Probe  
  35  4:53  Probe  
  35  4:58  Sentry  
  38  5:01  Probe  
  38  5:05  Probe, Shield Battery  
  40  5:08  Observer, Shield Battery  
  40  5:17  Probe x2  
  43  5:27  Pylon  
  43  5:29  Dark Templar x2, Probe  
  43  5:32  Probe  
  48  5:39  Immortal  
  48  5:41  Probe  
  49  5:44  Probe  
  49  5:45  Assimilator  
  54  5:50  Assimilator  
  54  5:54  Probe  
  54  5:57  Probe  
  53  6:05  Blink  
  53  6:06  Probe  
  53  6:07  Stalker x2  
  53  6:09  Probe  
  57  6:18  Probe  
  56  6:21  Probe  
  57  6:30  Probe  
  58  6:34  Gateway  
  58  6:35  Immortal, Shield Battery  
  62  6:47  Probe x2  
  64  6:58  Stalker x2  
  68  7:07  Gateway  
  68  7:09  Gateway  
  68  7:11  Probe  
  68  7:13  Probe  
  70  7:25  Immortal  
  70  7:26  Stalker x2  
  70  7:29  Probe  
  71  7:34  Probe  
  70  7:40  Stalker  
  76  7:50  Stalker  
  78  7:54  Stalker  
  72  8:02  Stalker  
  72  8:04  Stalker  
  65  8:07  Probe x2  
  62  8:19  Stalker x2  
  60  8:21  Stalker  
  62  8:29  Dark Templar  
  62  8:33  Stalker  
  66  8:46  Stalker  
  66  8:47  Stalker x2  
  70  9:00  Stalker  
  70  9:02  Stalker  
  74  9:10  Stalker x2  
  74  9:14  Pylon  
  74  9:16  Pylon  
  74  9:17  Pylon  
  78  9:21  Pylon  
  74  9:40  Stalker  
  74  9:41  Stalker x4  
  77  10:05  Dark Templar x4  
  85  10:10  Stalker  
  79  10:34  Probe x2  
  68  10:37  Stalker  
  68  10:38  Stalker x3  
  68  10:39  Zealot  
  78  10:46  Probe x2  
Tags
 
Add a new tag
Caveats
  • Supply blocks, unpowered buildings, or Contaminate may cause inaccurate times.
  • Supply counts are checked every 10 seconds.